 Dungeon Crawl Stone Soup version 0.20.1-1-g8b1a95d (webtiles) character file.

204 peteyfrogboy the Chiller (level 5, -2/35 HPs)
             Began as a Barachi Ice Elementalist on Nov 8, 2017.
             Slain by a gnoll (4 damage)
             ... on level 4 of the Dungeon.
             The game lasted 00:06:52 (3416 turns).

peteyfrogboy the Chiller (Barachi Ice Elementalist) Turns: 3416, Time: 00:06:53

Health: -2/35      AC:  3    Str:  9    XL:     5   Next: 82%
Magic:  6/10       EV: 13    Int: 17    God:
Gold:   217        SH:  0    Dex: 12    Spells: 5/11 levels left

rFire    . . .     SeeInvis .   a - +0 dagger (drain)
rCold    . . .     Gourm    .   (no shield)
rNeg     . . .     Faith    .   m - +0 robe
rPois    .         Spirit   .   (no helmet)
rElec    .         Reflect  .   (no cloak)
rCorr    .         Harm     .   (no gloves)
MR       .....                  n - +0 pair of boots
Stlth    ++........             (no amulet)
Regen    0.2/turn               (no ring)
MPRegen  0.2/turn               (no ring)

@: slow
A: +LOS, swims, slowness 1, strong legs 1
a: Hop


You were on level 4 of the Dungeon.
You were hungry.

You visited 1 branch of the dungeon, and saw 4 of its levels.

You collected 217 gold pieces.

Inventory:

Hand Weapons
 a - a +0 dagger of draining (weapon)
 i - a +0 club
Armour
 m - a +0 robe (worn)
 n - a +0 pair of boots (worn)
Scrolls
 d - 5 scrolls of teleportation
 e - a scroll of remove curse
 f - 2 scrolls of identify
 k - 2 scrolls of amnesia
 r - 2 scrolls of magic mapping
Potions
 g - a potion of magic {unknown}
 o - 2 potions of ambrosia
 s - 2 potions of resistance {unknown}
Books
 b - a book of Frost

   Spells                             Type                      Level
   a - Freeze                         Ice                          1
   b - Throw Frost                    Conjuration/Ice              2
   c - Ozocubu's Armour               Charms/Ice                   3
   d - Throw Icicle                   Conjuration/Ice              4
   e - Summon Ice Beast               Ice/Summoning                4
Comestibles
 c - 5 bread rations
 h - a meat ration
 p - 2 royal jellies


   Skills:
 + Level 3.9 Dodging
 - Level 1.7 Stealth
 - Level 3.9 Spellcasting
 - Level 1.1 Conjurations
 - Level 5.2 Ice Magic


You had 5 spell levels left.
You knew the following spells:

 Your Spells              Type           Power        Failure   Level  Hunger
a - Freeze                Ice            ###.         1%          1    None
b - Throw Frost           Conj/Ice       ##....       6%          2    ##.....
c - Ozocubu's Armour      Chrm/Ice       ##......     16%         3    ###....


Dungeon Overview and Level Annotations

Branches:
Dungeon (4/15)
 Temple: D:4-7

Altars:
Gozag


Innate Abilities, Weirdness & Mutations

Shadows flee at your approach. (+LOS)
You can swim through water.
You cover ground slowly.
You can hop short distances.


Message History

The gnoll barely misses you. The gnoll closely misses you.
Casting: Freeze
Confirm with . or Enter, or press ? or * to list all spells.
Aiming: Freeze
Press: ? - help, Shift-Dir - straight line, f/p - gnoll shaman
Aim: a gnoll shaman, wielding a whip and wearing a leather armour (moderately wounded)
You freeze the gnoll shaman.
The gnoll shaman is heavily wounded.
The gnoll closely misses you. The gnoll shaman barely misses you.
The gnoll hits you from afar with a halberd!
* * * LOW HITPOINT WARNING * * *
Casting: Freeze
Confirm with . or Enter, or press ? or * to list all spells.
Aiming: Freeze
Press: ? - help, Shift-Dir - straight line, f/p - gnoll shaman
Aim: a gnoll shaman, wielding a whip and wearing a leather armour (heavily wounded)
You freeze the gnoll shaman.
You kill the gnoll shaman!
The gnoll hits you.
You die...

#...##
###..##
##..## ##..##
##.g##
###.###
##g.###
#.g..#####
##..(.#g)@#
##....#g#g##
##....#..g.#
##........###
#....<.####
#....###
#...## #...#
#...######


You could see 4 gnolls.

Vanquished Creatures
  A gnoll shaman (D:4)
  An orc wizard (D:3)
  3 gnolls (D:3)
  4 adders
  An ooze (D:3)
  5 worms
  A dart slug (D:2)
  2 leopard geckos (D:3)
  4 orcs (D:3)
  5 giant cockroaches
  10 hobgoblins
  A quokka (D:3)
  7 bats
  2 frilled lizards (D:3)
  6 goblins
  4 kobolds
  4 rats
61 creatures vanquished.

Notes
Turn   | Place    | Note
-------+----------+-------------------------------------------
     0 | D:1      | peteyfrogboy the Barachi Ice Elementalist began the quest for the Orb.
     0 | D:1      | Reached XP level 1. HP: 13/13 MP: 3/3
   374 | D:1      | Reached XP level 2. HP: 11/19 MP: 0/5
   441 | D:1      | Reached skill level 4 in Ice Magic
  1040 | D:2      | Reached XP level 3. HP: 24/24 MP: 5/7
  1044 | D:2      | Learned a level 2 spell: Throw Frost
  1048 | D:2      | Learned a level 3 spell: Ozocubu's Armour
  2012 | D:3      | Reached XP level 4. HP: 8/30 MP: 3/9
  2015 | D:3      | Reached skill level 5 in Ice Magic
  2335 | D:3      | Reached XP level 5. HP: 12/35 MP: 5/10
  3097 | D:3      | Found an opulent altar of Gozag.
  3416 | D:4      | Slain by a gnoll

Skill      XL: |  1  2  3  4  5 |
---------------+----------------+-----
Ice Magic      | 4 5 |  5.2
Spellcasting   | 3 |  3.9
Dodging        | 3 |  3.9
Stealth        | |  1.7
Conjurations   | |  1.1

Action                   |  1- 3 |  4- 6 || total
-------------------------+-------+-------++-------
Melee: Unarmed           |     3 |       ||     3
       Club              |    15 |       ||    15
       Dagger            |    60 |    69 ||   129
 Cast: Freeze            |    32 |    27 ||    59
       Throw Frost       |     1 |     2 ||     3
       Ozocubu's Armour  |     1 |     2 ||     3
  Use: Scroll            |       |     9 ||     9
 Stab: Sleeping          |     3 |     1 ||     4
  Eat: Chunk             |     5 |     4 ||     9
Armor: Robe              |    29 |    24 ||    53
Dodge: Dodged            |    91 |    73 ||   164
